 Dungeon Crawl Stone Soup version 0.27.1-1-g398f81649c (webtiles) character file.

Game seed: 8713220961874242589

1766 pkoi the Grappler (level 8, -2/79 HPs)
             Began as a Troll Monk on Sept 7, 2021.
             Was an Elder of Okawaru.
             Splashed by Joseph's acid (11 damage)
             ... on level 7 of the Dungeon.
             The game lasted 00:06:21 (4781 turns).

pkoi the Grappler (Troll Monk)                      Turns: 4781, Time: 00:06:22

Health: -2/79      AC: -4    Str: 22    XL:     8   Next: 79%
Magic:  7/7        EV: 11    Int:  6    God:    Okawaru [****..]
Gold:   311        SH:  0    Dex: 12    Spells: 7/7 levels left

rFire    . . .     SeeInvis .     - Unarmed
rCold    . . .     Faith    .   (no shield)
rNeg     + . .     Spirit   .   a - +0 robe
rPois    .         Reflect  .   (helmet restricted)
rElec    .         Harm     .   (no cloak)
rCorr    .         Rampage  .   (gloves unavailable)
Will     .....                  (boots unavailable)
Stlth    ++........             w - amulet of regeneration
HPRegen  2.23/turn              j - ring of positive energy
MPRegen  0.10/turn              (no ring)

@: corroded
A: large, unfitting armour, claws 3, regeneration 1, shaggy fur 1, tough skin 1
a: Renounce Religion, Heroism


You were on level 7 of the Dungeon.
You worshipped Okawaru.
Okawaru was greatly pleased with you.
You visited 1 branch of the dungeon, and saw 7 of its levels.

You collected 311 gold pieces.

Inventory:

Missiles
 c - 2 throwing nets (quivered)
 d - 24 poisoned darts
Armour
 a - a +0 robe (worn)
Jewellery
 j - a ring of positive energy (left claw)
 w - an amulet of regeneration (around neck)
Wands
 m - a wand of paralysis (13)
 q - a wand of flame (11)
Scrolls
 f - a scroll of teleportation
 t - 2 scrolls of fear
Potions
 b - a potion of magic
 e - a potion of cancellation {unknown}
 g - 2 potions of attraction {unknown}
 i - a potion of brilliance
 k - 2 potions of flight {unknown}
 l - 4 potions of mutation {unknown}
 n - a potion of curing {unknown}
 o - a potion of might {unknown}
 p - a potion of resistance
 r - 2 potions of heal wounds {unknown}
 v - 2 potions of lignification {unknown}
 x - 3 potions of haste {unknown}


   Skills:
 + Level 4.8 Fighting
 + Level 4.8 Dodging
 - Level 1.0 Stealth
 * Level 9.4 Unarmed Combat


You had 7 spell levels left.
You didn't know any spells.
Your spell library contained the following spells:

 Spells                   Type           Power      Damage    Failure   Level
 Slow                     Hex            0%         N/A       58%         2
 Confusing Touch          Hex            0%         N/A       83%         3
 Portal Projectile        Hex/Tloc       0%         N/A       83%         3
 Vampiric Draining        Necr           0%         2d6       83%         3
 Blade Hands              Tmut           0%         N/A       100%        5
 Excruciating Wounds      Necr           0%         N/A       100%        5


Dungeon Overview and Level Annotations

Branches:
Dungeon (7/15)             Temple (0/1) D:6

Altars:
Ashenzari
Nemelex Xobeh
Okawaru
Sif Muna
Vehumet

Shops:
D:4 =(*?:

Annotations:
D:7 Joseph


Innate Abilities, Weirdness & Mutations

You are too large for most types of armour.
You have claws for hands.
Your natural rate of healing is unusually fast.
You are covered in fur. (AC +1)
You have tough skin. (AC +1)


Message History

Joseph unwields a +0 quarterstaff.
Joseph wields a +0 hunting sling.
Joseph shoots a sling bullet.
The sling bullet hits you!
Joseph is nearby!
Drop what? 22/52 slots (_ for help) (? for menu, Esc to quit)
You drop a potion of degeneration.
You start resting.
HP restored.
You start waiting.
Joseph is nearby!
You completely miss Joseph.
Joseph zaps a wand.
The bolt of acid hits you!! The acid corrodes you!
You are splashed with acid!
You claw Joseph!
Joseph is moderately wounded.
Joseph unwields a +0 hunting sling.
Joseph wields a +0 quarterstaff.
Joseph completely misses you.
You claw Joseph!
Joseph is moderately wounded.
Joseph hits you with a +0 quarterstaff.
* * * LOW HITPOINT WARNING * * *
You scratch Joseph.
Joseph is heavily wounded.
Joseph zaps a wand.
The bolt of acid misses you.
You closely miss Joseph.
Joseph is heavily wounded.
You barely miss Joseph.
Joseph is heavily wounded.
Joseph hits you with a +0 quarterstaff.
* * * LOW HITPOINT WARNING * * *
You scratch Joseph.
Joseph is heavily wounded.
Joseph barely misses you.
You scratch Joseph. You claw Joseph!
Joseph is severely wounded.
Joseph hits you with a +0 quarterstaff!!
* * * LOW HITPOINT WARNING * * *
You scratch Joseph but do no damage.
Joseph is severely wounded.
Joseph zaps a wand.
The bolt of acid hits you!
* * * LOW HITPOINT WARNING * * *
The acid corrodes you!
You are splashed with acid!
You die...

.@# .. #..##
..#.####
#.#.#..# #
#..#...#
..####..#..##
........!##@#
.......###@.#
......§§##.##
...###§§##.#
# ##§§#.#
#§§..# ##§..#
#...# #.....
##....#


You could see Joseph.

Vanquished Creatures
  Pikel (D:4)
  An acid dragon (D:6)
  A black bear (D:5)
  A necrophage (D:3)
  An ogre (D:5)
  A sky beast (D:6)
  2 lemures (D:4)
  A phantom (D:5)
  2 wyvern zombies (D:5)
  A scorpion (D:5)
  A water moccasin zombie (D:5)
  A water moccasin skeleton (D:4)
  A bullfrog zombie (D:5)
  2 hounds
  A jelly (D:5)
  A gnoll shaman (D:4)
  A centaur skeleton (D:4)
  Ijyb (D:3)
  An iguana (D:5)
  An orc wizard (D:4)
  A killer bee zombie (D:5)
  6 gnolls
  6 adders
  A shadow imp (D:6)
  A white imp (D:6)
  4 worms
  A dart slug (D:3)
  10 orcs
  9 endoplasms
  9 giant cockroaches
  6 goblins
  11 hobgoblins
  2 quokkas
  5 ball pythons
  9 bats
  4 frilled lizards
  10 kobolds
  2 rats
120 creatures vanquished.

Vanquished Creatures (others)
  A plant (D:4)
1 creature vanquished.

Grand Total: 121 creatures vanquished

Notes
Turn   | Place    | Note
-------+----------+-------------------------------------------
     0 | D:1      | pkoi the Troll Monk began the quest for the Orb.
     0 | D:1      | Reached XP level 1. HP: 22/22 MP: 0/0
   115 | D:1      | Reached XP level 2. HP: 29/29 MP: 1/1
   351 | D:1      | Reached skill level 4 in Unarmed Combat
   534 | D:1      | Reached XP level 3. HP: 36/36 MP: 2/2
  1283 | D:2      | Reached skill level 5 in Unarmed Combat
  1283 | D:2      | Reached XP level 4. HP: 40/44 MP: 3/3
  1760 | D:3      | Noticed a necrophage
  1768 | D:3      | Killed a necrophage
  1769 | D:3      | Reached skill level 6 in Unarmed Combat
  1769 | D:3      | Reached XP level 5. HP: 48/50 MP: 4/4
  1841 | D:3      | Found a faded altar of an unknown god.
  1857 | D:3      | Found a shimmering blue altar of Sif Muna.
  2037 | D:3      | Noticed Ijyb
  2056 | D:3      | Killed Ijyb
  2401 | D:4      | Reached XP level 6. HP: 28/59 MP: 5/5
  2434 | D:4      | Found an iron altar of Okawaru.
  2434 | D:4      | Found a sparkling altar of Nemelex Xobeh.
  2435 | D:4      | Found a radiant altar of Vehumet.
  2444 | D:4      | Became a worshipper of Warmaster Okawaru
  2444 | D:4      | Reached * piety under Okawaru
  2444 | D:4      | Reached ** piety under Okawaru
  2539 | D:4      | Found Zif Kas's Assorted Antiques.
  2553 | D:4      | Noticed Pikel
  2570 | D:4      | Killed Pikel
  2570 | D:4      | Reached *** piety under Okawaru
  2571 | D:4      | Reached skill level 7 in Unarmed Combat
  2571 | D:4      | Reached XP level 7. HP: 38/67 MP: 6/6
  2810 | D:4      | Found Lam Fomuzi's Weapon Shoppe.
  2825 | D:4      | Found Bucinesa's Jewellery Boutique.
  3136 | D:4      | Found Jafuc's Book Boutique.
  3183 | D:4      | Found Quha's Magic Scroll Boutique.
  3313 | D:5      | Entered Level 5 of the Dungeon
  3319 | D:5      | Reached skill level 8 in Unarmed Combat
  3436 | D:5      | Reached XP level 8. HP: 62/78 MP: 7/7
  3659 | D:5      | Reached **** piety under Okawaru
  3844 | D:5      | Reached skill level 9 in Unarmed Combat
  4252 | D:6      | Found a broken altar of Ashenzari.
  4288 | D:6      | Found a staircase to the Ecumenical Temple.
  4761 | D:7      | Noticed Joseph
  4781 | D:7      | Splashed by Joseph's acid

Illustrated notes

Levels and vault maps discovered:
D:1:      minmay_arrival_four_circles, layout_loops_ring, dk_noncrumbling_4,
          minmay_ruptured
D:2:      layout_basic, mrwooster_statue_mirror, minmay_pentomino_pile
D:3:      layout_loops_ring, nicolae_sif_muna_condensation,
          basic_ecumenical_altar, uniq_ijyb
D:4:      layout_rooms, gammafunk_temple_overflow_forgotten, serial_shops,
          kennysheep_mini, nicolae_take_the_stairs, shop, shop_fountains,
          nicolae_diamond_shop, nicolae_zen_rock_garden, uniq_pikel
D:5:      layout_loops_corners, feat_on_display
D:6:      layout_basic, mainiacjoe_overflow_six_doors_small,
          minmay_temple_entry_gardened_gates, minmay_misc_feat_plants
D:7:      layout_layer_cave, uniq_joseph

Skill      XL: |  1  2  3  4  5  6  7  8 |
---------------+-------------------------+-----
Unarmed Combat | 4 5 6 7 8 9 |  9.4
Fighting       | 3 4 |  4.8
Dodging        | 3 4 |  4.8
Stealth        | |  1.0

Action                   |  1- 3 |  4- 6 |  7- 9 || total
-------------------------+-------+-------+-------++-------
Melee: Unarmed           |   125 |   112 |   114 ||   351
       Punch             |     2 |     3 |     5 ||    10
  Use: Scroll            |       |     6 |     5 ||    11
 Stab: Sleeping          |     6 |     1 |     1 ||     8
       Distracted        |       |     1 |       ||     1
Armor: Robe              |    60 |    22 |    18 ||   100
Dodge: Dodged            |    68 |    40 |    48 ||   156
